 Dungeon Crawl Stone Soup version 0.19.4-10-g532645f (webtiles) character file.

160 Kosschaser the Bolt Thrower (level 5, 0/32 HPs)
             Began as a Kobold Hunter on Feb 23, 2017.
             Slain by a jackal (1 damage)
             ... on level 3 of the Dungeon.
             The game lasted 00:05:14 (1494 turns).

Kosschaser the Bolt Thrower (Kobold Hunter)         Turns: 1494, Time: 00:05:15

Health: 0/32       AC:  3    Str:  9    XL:     5   Next: 69%
Magic:  5/5        EV: 15    Int: 12    God:
Gold:   204        SH:  0    Dex: 17    Spells: 0 memorised, 4 levels left

rFire  . . .     SeeInvis .     b - +0 short sword
rCold  + . .     Gourm    .     c - +0 leather armour
rNeg   . . .     Faith    .     (shield restricted)
rPois  +         Spirit   .     (no helmet)
rElec  .         Reflect  .     (no cloak)
rCorr  .         Harm     .     (no gloves)
MR     .....                    (no boots)
Stlth  ++........               (no amulet)
                                m - ring of poison resistance
                                i - ring of protection from cold

@: no status effects
A: carnivore 3
a: no special abilities


You were on level 3 of the Dungeon.
You were not hungry.

You visited 1 branch of the dungeon, and saw 4 of its levels.

You collected 204 gold pieces.

Inventory:

Hand Weapons
 a - a +1 hand crossbow
 b - a +0 short sword (weapon)
Missiles
 d - 7 bolts
Armour
 c - a +0 leather armour (worn)
Jewellery
 i - a ring of protection from cold (left hand)
 m - a ring of poison resistance (right hand)
 p - an uncursed ring of wizardry
Scrolls
 e - 2 scrolls of identify {unknown}
 h - a scroll of fear {unknown}
 l - a scroll of enchant weapon {unknown}
 n - a scroll of amnesia {unknown}
 o - a scroll of teleportation {unknown}
 r - 2 scrolls of remove curse {unknown}
 s - a scroll of blinking {unknown}
 u - a scroll of fog {unknown}
Potions
 j - 8 potions of curing {unknown}
 k - a potion of invisibility {unknown}
 t - 3 potions of might {unknown}
Comestibles
 f - a meat ration
 g - a slice of pizza
 q - a royal jelly


   Skills:
 + Level 2.9 Fighting
 + Level 1.0 Short Blades
 + Level 6.8 Crossbows
 + Level 0.7 Armour
 + Level 2.5 Dodging
 * Level 3.0 Stealth


You had 4 spell levels left.
You didn't know any spells.

Dungeon Overview and Level Annotations

Branches:
Dungeon (4/15)
 Temple: D:4-7

Altars:
Ashenzari
Fedhas
Nemelex Xobeh
Trog

Shops:
D:4 (

Annotations:
D:4 Grinder


Innate Abilities, Weirdness & Mutations

You are small and have problems with some larger weapons.
You are carnivorous and can eat meat at any time.


Message History

The jackal misses you. The jackal closely misses you.
The jackal closely misses you.
Found a stone staircase leading down.
The jackal bites you.
* * * LOW HITPOINT WARNING * * *
The jackal barely misses you. The jackal bites you.
* * * LOW HITPOINT WARNING * * *
There is a stone staircase leading up here.
The jackal barely misses you. The jackal bites you.
* * * LOW HITPOINT WARNING * * *
You climb upwards.
There is a stone staircase leading down here.
You hit the jackal.
The jackal is heavily wounded.
The jackal bites you.
* * * LOW HITPOINT WARNING * * *
The jackal bites you.
You die...

#.##....# #.....# #.#
#รท##...#### #..)..# #.#
#.........# #.....# #..
##....[...###.....#######
#..........####.....####
#.......##.....####.#...
#......#######..###...##
#......h# ##.........
#......@## ####......
#.....(.h## #......
#.........## #......
#(.(.......# ###......
##....<....# #....###.
#.........# ##.#### #.
#.........# ##..# ##
#.........###..## #
#.............##


You could see 2 jackals.

Vanquished Creatures
  A hound (D:4)
  A worker ant (D:3)
  A gnoll (D:1)
  5 adders
  An ooze (D:2)
  A worm (D:2)
  A leopard gecko (D:2)
  3 giant cockroaches
  6 goblins
  6 hobgoblins
  A jackal (D:4)
  5 kobolds
  3 bats
  A frilled lizard (D:3)
  12 rats
48 creatures vanquished.

Notes
Turn   | Place    | Note
-------+----------+-------------------------------------------
     0 | D:1      | Kosschaser the Kobold Hunter began the quest for the Orb.
     0 | D:1      | Reached XP level 1. HP: 12/12 MP: 1/1
    66 | D:1      | Reached skill level 5 in Crossbows
    96 | D:1      | Reached XP level 2. HP: 18/18 MP: 2/2
   189 | D:1      | Reached XP level 3. HP: 22/22 MP: 3/3
   433 | D:2      | Reached XP level 4. HP: 20/27 MP: 4/4
   457 | D:2      | Reached skill level 6 in Crossbows
   461 | D:2      | Found a blossoming altar of Fedhas.
   961 | D:3      | Reached XP level 5. HP: 31/31 MP: 5/5
  1151 | D:3      | Found a sparkling altar of Nemelex Xobeh.
  1158 | D:3      | Found a shattered altar of Ashenzari.
  1159 | D:3      | Found a bloodstained altar of Trog.
  1317 | D:3      | Found a faded altar of an unknown god.
  1409 | D:4      | Found Ruuf Hau's Weapon Emporium.
  1446 | D:4      | Noticed Grinder
  1453 | D:4      | Reached skill level 1 in Short Blades
  1494 | D:3      | HP: 1/32 [jackal (2)]
  1494 | D:3      | Slain by a jackal

Skill      XL: |  1  2  3  4  5 |
---------------+----------------+-----
Crossbows      | 5 6 |  6.8
Stealth        | 2 3 |  3.0
Short Blades   | 1 |  1.0
Fighting       | |  2.9
Armour         | |  0.7
Dodging        | |  2.5

Action                   |  1- 3 |  4- 6 || total
-------------------------+-------+-------++-------
Melee: Short sword       |     9 |    25 ||    34
 Fire: Hand crossbow     |    49 |    46 ||    95
  Eat: Chunk             |       |     5 ||     5
Armor: Leather armour    |     4 |     3 ||     7
Dodge: Dodged            |    11 |    42 ||    53
